General information
- name: BNet
- type: Ladder 1vs1/FFA
- host: Battle.net
- saver: Momoiro_Omnio
map: TwistedMeadows
- players: 2
- length: 42:14
- speed: Fast
- version: 1.26 W3XP
- replay type: Public
» download(172 KB)
Players
team 1 (loser)
LaFontaine (
green | 152 APM | 6427 actions | 42:12)
7 Mountain King
3 Storm Bolt
3 Bash
1 Avatar
4 Blood Mage
2 Siphon Mana
2 Banish
5 Paladin
3 Holy Light
2 Divine Shield
» actions
| Assign group hotkey | 291 | |
| Basic commands | 266 | |
| Build / train | 147 | |
| ESC pressed | 3 | |
| Enter build submenu | 34 | |
| Enter hero's abilities submenu | 19 | |
| Give item / drop item | 9 | |
| Remove unit from queue | 7 | |
| Right click | 2132 | |
| Select / deselect | 1214 | |
| Select group hotkey | 2067 | |
| Use ability | 238 | |
6427 total
» units
| Peasant | 24 | |
| Footman | 16 | |
| Goblin Shredder | 2 | |
| Flying Machine | 12 | |
| Goblin Sapper | 3 | |
| Goblin Zeppelin | 1 | |
| Knight | 7 | |
| Gryphon Rider | 9 | |
| Dragonhawk Rider | 7 | |
| Siege Engine | 9 | |
90 total
» upgrades
| Defend | 1 | |
| Flak Cannons | 1 | |
| Cloud | 1 | |
3 total
» buildings
| Altar of Kings | 1 | |
| Farm | 13 | |
| Barracks | 1 | |
| Scout Tower | 5 | |
| Arcane Tower | 2 | |
| Town Hall | 3 | |
| Arcane Vault | 3 | |
| Lumber Mill | 1 | |
| Guard Tower | 3 | |
| Keep | 1 | |
| Blacksmith | 2 | |
| Castle | 1 | |
| Gryphon Aviary | 2 | |
| Workshop | 1 | |
39 total
» build order
00:07 Altar of Kings
00:08 Farm
00:51 Barracks
01:10 Farm
02:46 Scout Tower
03:07 Farm
03:23 Arcane Tower
04:36 Town Hall
05:47 Arcane Vault
06:39 Scout Tower
06:40 Arcane Vault
06:59 Arcane Vault
07:23 Lumber Mill
07:43 Arcane Tower
08:02 Scout Tower
08:26 Scout Tower
08:29 Scout Tower
08:41 Farm
08:46 Guard Tower
10:17 Guard Tower
10:17 Keep
10:18 Guard Tower
10:21 Blacksmith
10:59 Farm
13:30 Castle
13:39 Blacksmith
13:45 Gryphon Aviary
13:47 Workshop
13:50 Gryphon Aviary
14:10 Farm
14:10 Farm
14:11 Farm
14:11 Farm
16:34 Farm
17:17 Farm
18:31 Farm
18:34 Farm
23:10 Town Hall
34:57 Town Hall
» items
| Lesser Clarity Potion | 5 | |
| Scroll of Town Portal | 3 | |
| Scroll of Healing | 1 | |
| Scroll of Regeneration | 3 | |
| Potion of Healing | 2 | |
| Staff of Sanctuary | 1 | |
| Potion of Invisibility | 1 | |
| Staff of Teleportation | 1 | |
| Potion of Lesser Invulnerability | 1 | |
18 total
team 2 (winner)
Momoiro_Omnio (
blue | 94 APM | 3987 actions | 42:14)
7 Death Knight
3 Death Coil
3 Unholy Aura
1 Death Pact
7 Crypt Lord
3 Carrion Beetles
1 Spiked Carapace
3 Impale
5 Pit Lord
3 Howl of Terror
2 Cleaving Attack
» actions
| Assign group hotkey | 10 | |
| Basic commands | 243 | |
| Build / train | 168 | |
| ESC pressed | 8 | |
| Enter build submenu | 34 | |
| Enter hero's abilities submenu | 21 | |
| Give item / drop item | 6 | |
| Right click | 2569 | |
| Select / deselect | 675 | |
| Select group hotkey | 34 | |
| Use ability | 219 | |
3987 total
» units
| Acolyte | 37 | |
| Ghoul | 13 | |
| Crypt Fiend | 18 | |
| Goblin Shredder | 2 | |
| Ogre Mauler | 4 | |
| Forest Troll Shadow Priest | 1 | |
| Frost Wyrm | 12 | |
87 total
» upgrades
| Burrow | 1 | |
| Web | 1 | |
| Creature Attack | 2 | |
| Creature Carapace | 3 | |
| Freezing Breath | 1 | |
| Ghoul Frenzy | 1 | |
9 total
» buildings
| Ziggurat | 21 | |
| Crypt | 4 | |
| Altar of Darkness | 1 | |
| Graveyard | 2 | |
| Tomb of Relics | 3 | |
| Halls of the Dead | 2 | |
| Spirit Tower | 5 | |
| Nerubian Tower | 12 | |
| Necropolis | 2 | |
| Black Citadel | 1 | |
| Sacrificial Pit | 1 | |
| Boneyard | 3 | |
| Slaughterhouse | 2 | |
59 total
» build order
00:08 Ziggurat
00:16 Crypt
00:19 Altar of Darkness
01:13 Graveyard
01:44 Tomb of Relics
02:33 Ziggurat
02:36 Ziggurat
03:11 Halls of the Dead
04:35 Spirit Tower
05:04 Ziggurat
07:49 Nerubian Tower
08:22 Ziggurat
08:24 Ziggurat
08:25 Ziggurat
08:26 Ziggurat
09:18 Nerubian Tower
09:18 Nerubian Tower
09:20 Ziggurat
09:33 Nerubian Tower
09:33 Nerubian Tower
10:15 Nerubian Tower
11:26 Necropolis
11:32 Ziggurat
11:37 Tomb of Relics
12:05 Black Citadel
12:36 Spirit Tower
14:18 Sacrificial Pit
16:40 Ziggurat
16:41 Ziggurat
16:41 Ziggurat
16:44 Ziggurat
17:12 Boneyard
17:13 Boneyard
17:38 Spirit Tower
17:39 Nerubian Tower
17:40 Spirit Tower
18:50 Spirit Tower
22:24 Crypt
22:55 Ziggurat
22:57 Ziggurat
23:01 Ziggurat
23:49 Nerubian Tower
23:50 Nerubian Tower
23:54 Nerubian Tower
23:54 Nerubian Tower
26:07 Slaughterhouse
26:09 Slaughterhouse
29:27 Boneyard
30:22 Crypt
30:22 Crypt
30:27 Necropolis
33:27 Ziggurat
35:10 Halls of the Dead
37:07 Graveyard
37:11 Tomb of Relics
37:17 Nerubian Tower
37:25 Ziggurat
37:27 Ziggurat
37:29 Ziggurat
» items
| Rod of Necromancy | 3 | |
| Sacrificial Skull | 2 | |
| Scroll of Town Portal | 4 | |
| Potion of Healing | 9 | |
| Orb of Corruption | 1 | |
| Scroll of Healing | 3 | |
| Potion of Mana | 1 | |
| Boots of Speed | 1 | |
24 total
Chat log
(00:29 / All) Momoiro_Omnio: hiiii...
(00:33 / All) LaFontaine: hiiiiiiiiii
(00:52 / All) Momoiro_Omnio: won against a 20's player
(00:55 / All) Momoiro_Omnio: so beware...
(00:59 / All) LaFontaine: gj
(01:08 / All) Momoiro_Omnio: yes ty